 Dungeon Crawl Stone Soup version 0.23.2 (webtiles) character file.

Game seed: 9390226254947562573

795 Borgoz the Ducker (level 7, -3/53 (57) HPs)
             Began as a Ghoul Enchanter on Apr 4, 2019.
             Killed from afar by an orc wizard (5 damage)
             ... with a magic dart
             ... on level 5 of the Dungeon.
             The game lasted 00:12:36 (5818 turns).

Borgoz the Ducker (Ghoul Enchanter)                 Turns: 5818, Time: 00:12:36

HP:   -3/53 (57)    AC:  6    Str: 12 (13) XL:     7   Next: 89%
MP:   1/8           EV: 15    Int:  9 (10) God:
Gold: 327           SH:  0    Dex:  7 (10) Spells: 6/9 levels left

rFire    . . .     SeeInvis .   n - +0 dagger (vamp)
rCold    + . .     Gourm    .   (no shield)
rNeg     + + +     Faith    .   p - +1 ring mail
rPois    ∞         Spirit   .   (no helmet)
rElec    .         Reflect  .   (no cloak)
rCorr    .         Harm     .   (no gloves)
MR       .....                  (no boots)
Stlth    +.........             (no amulet)
HPRegen  0.00/turn              f - +4 ring of evasion
MPRegen  0.11/turn              (no ring)

@: rotting, slowed, studying Long Blades, very slow
A: rotting body, claws 1, carnivore, cold resistance 1, negative energy
resistance 3, inhibited regeneration, torment resistance, unbreathing
a: no special abilities


You were on level 5 of the Dungeon.
You were near starving.

You visited 1 branch of the dungeon, and saw 5 of its levels.

You collected 327 gold pieces.

Inventory:

Hand Weapons
 m - a +0 short sword
 n - a +0 vampiric dagger (weapon)
Missiles
 b - 10 tomahawks (quivered)
Armour
 c - a cursed +0 buckler
 p - a +1 ring mail (worn)
Jewellery
 f - a +4 ring of evasion (left claw)
Wands
 r - a wand of polymorph (1)
Scrolls
 h - 2 scrolls of identify
 i - 2 scrolls of fog
 t - a scroll of remove curse
Books
 o - a manual of Long Blades
Comestibles
 d - 7 rations


   Skills:
 + Level 3.3 Fighting
 * Level 4.3 Short Blades
 + Level 2.7 Armour
 * Level 4.6 Dodging
 - Level 3.2 Stealth
 - Level 1.7 Spellcasting
 + Level 2.4 Hexes
 - Level 2.0 Ice Magic


You had 6 spell levels left.
You knew the following spells:

 Your Spells              Type           Power        Failure   Level  Hunger
a - Corona                Hex            #......      28%         1    ##.....
b - Ensorcelled Hibernat  Hex/Ice        #.....       43%         2    ###....

Your spell library contained the following spells:

 Spells                   Type           Power        Failure   Level  Hunger
 Confuse                  Hex            #.......     63%         3    ####...
 Tukima's Dance           Hex            #.......     63%         3    ####...
 Dazzling Spray           Conj/Hex       #.....       80%         3    ####...


Dungeon Overview and Level Annotations

Branches:
Dungeon (5/15)             Temple (0/1) D:5

Altars:
Elyvilon
Sif Muna
Trog
Wu Jian
Xom
Yredelemnul
Zin

Shops:
D:4 %


Innate Abilities, Weirdness & Mutations

Your body is rotting away.
You thrive on raw meat.
You are immune to poison.
You have sharp fingernails.
You are carnivorous and can eat meat at any time.
Your flesh is cold resistant. (rC+)
You are immune to negative energy. (rN+++)
You do not regenerate when monsters are visible.
You are immune to unholy pain and torment.
You can survive without breathing.


Message History

n - a +0 vampiric dagger (weapon)
The orc wizard misses you. The orc wizard casts a spell at you.
The puff of flame misses you.
You hit the orc wizard but do no damage.
The orc wizard is severely wounded.
The orc wizard barely misses you. The orc wizard casts a spell at you.
The magic dart hits you.
* * * LOW HITPOINT WARNING * * *
The orc wizard barely misses you.
You aren't carrying any potions.
Okay, then.
Okay, then.
You barely miss the orc wizard.
The orc wizard is severely wounded.
The orc wizard barely misses you. x2
The orc wizard casts a spell at you. The magic dart hits you.
You die...

*,*,,,***,*,,,,,,,,,*,*,*
,,,,,,* *,*,,**,,,,**,*,*
,*,**,* *,*,,**,,,,**,*,****
,*,,,,* *,*,,,,,,,,,,,*,,,,*
,,,*,,***####################
,,,*,,,**...................#
**,,,,,,,#...#...#...#...#..#
,,,,*,,*,......o..........._#
*,*,*,****...#.o@#...#...#..#
*,*,,,,**...................#
,,,,,,,**####################
,,,,,,,,,,,,* *,* *,*
*,,,,,,,,,,,****,*********,*
********,,,,,,,,,,,,,,,,,,,*
*,,,,,*,****,************
*,*****,,,,,,* *,* ********


You could see 2 orc wizards.

Vanquished Creatures
  Sigmund (D:4)
  An ogre (D:4)
  2 scorpions
  A howler monkey (D:5)
  2 crimson imps (D:4)
  2 jellies (D:5)
  An orc priest (D:2)
  2 orc wizards (D:3)
  Ijyb (D:4)
  2 gnolls (D:5)
  6 adders
  2 worms
  2 dart slugs (D:1)
  3 leopard geckos
  13 orcs
  3 ball pythons
  11 bats
  4 giant cockroaches
  9 goblins
  6 hobgoblins
  6 jackals
  7 kobolds
  A quokka (D:4)
  3 frilled lizards
  A jackal skeleton (D:4)
  A quokka skeleton (D:4)
  7 rats
100 creatures vanquished.

Notes
Turn   | Place    | Note
-------+----------+-------------------------------------------
     0 | D:1      | Borgoz the Ghoul Enchanter began the quest for the Orb.
     0 | D:1      | Reached XP level 1. HP: 14/14 MP: 2/2
    18 | D:1      | Reached skill level 1 in Short Blades
   231 | D:1      | Reached XP level 2. HP: 5/22 MP: 3/3
   240 | D:1      | Learned a level 2 spell: Ensorcelled Hibernation
   736 | D:1      | Found a shimmering altar of Xom.
   738 | D:1      | Found a white marble altar of Elyvilon.
   738 | D:1      | Found an opulent altar of Gozag.
   740 | D:1      | Found a deep blue altar of Sif Muna.
   740 | D:1      | Found a shimmering altar of Xom.
   740 | D:1      | Found a glowing silver altar of Zin.
  1012 | D:1      | Reached XP level 3. HP: 26/27 MP: 4/4
  1147 | D:2      | Reached skill level 1 in Fighting
  1342 | D:2      | Reached XP level 4. HP: 26/35 MP: 0/5
  1442 | D:2      | Reached skill level 1 in Ice Magic
  1772 | D:2      | Found an ornate altar of the Wu Jian Council.
  2106 | D:2      | Reached skill level 1 in Armour
  2388 | D:2      | Reached XP level 5. HP: 25/40 MP: 1/6
  3358 | D:3      | Reached XP level 6. HP: 18/47 MP: 1/7
  3793 | D:4      | Found Meogito's Food Shop.
  4025 | D:4      | Noticed Sigmund
  4051 | D:4      | Killed Sigmund
  4126 | D:4      | Noticed Ijyb
  4161 | D:4      | Killed Ijyb
  4161 | D:4      | Reached XP level 7. HP: 54/56 MP: 4/8
  4227 | D:4      | Found a basalt altar of Yredelemnul.
  4599 | D:5      | Entered Level 5 of the Dungeon
  5301 | D:5      | Noticed a naga
  5301 | D:5      | a sky beast changed into a naga
  5652 | D:5      | Found a bloodstained altar of Trog.
  5817 | D:5      | HP: 2/53 [orc wizard/magic dart (4)]
  5818 | D:5      | Killed from afar by an orc wizard

Skill      XL: |  1  2  3  4  5  6  7 |
---------------+----------------------+-----
Short Blades   | 1 2 3 4 |  4.3
Dodging        | 2 3 4 |  4.6
Fighting       | 1 2 3 |  3.3
Ice Magic      | 1 2 |  2.0
Armour         | 1 2 |  2.7
Stealth        | |  3.2
Spellcasting   | |  1.7
Hexes          | |  2.4

Action                   |  1- 3 |  4- 6 |  7- 9 || total
-------------------------+-------+-------+-------++-------
Melee: Dagger            |   133 |   542 |     2 ||   677
       Short sword       |       |    10 |   169 ||   179
 Cast: Ensorcelled Hiber |     1 |    12 |    16 ||    29
       Corona            |       |     3 |       ||     3
Evoke: Wand              |       |       |    10 ||    10
  Use: Potion            |       |     4 |     4 ||     8
       Scroll            |       |     2 |     6 ||     8
 Stab: Sleeping          |     8 |     8 |     5 ||    21
       Paralysed         |       |       |     2 ||     2
  Eat: Chunk             |     9 |    21 |     1 ||    31
       Ration            |       |       |     1 ||     1
Armor: Robe              |    26 |     9 |       ||    35
       Ring mail         |       |   123 |    50 ||   173
Dodge: Dodged            |   116 |   380 |   158 ||   654
